 Dungeon Crawl Stone Soup version 0.19-a0-1878-gcbc8a98 (webtiles) character file.

150 tb0li the Magician (level 5, -13/28 HPs)
             Began as a Deep Elf Conjurer on Oct 13, 2016.
             Mangled by rgaf's ghost (19 damage)
             ... on level 3 of the Dungeon.
             The game lasted 00:08:43 (2056 turns).

tb0li the Magician (Deep Elf Conjurer)              Turns: 2056, Time: 00:08:44

Health: -13/28     AC:  5    Str:  5    XL:     5   Next: 10%
Magic:  8/16       EV: 13    Int: 21    God:
Gold:   108        SH:  0    Dex: 15    Spells: 1 memorised, 16 levels left

rFire  . . .     SeeInvis .     n - +2 short sword (venom)
rCold  . . .     Gourm    .     a - +0 robe
rNeg   . . .     Faith    .     (no shield)
rPois  .         Spirit   .     (no helmet)
rElec  .         Dismiss  .     (no cloak)
rCorr  .         Reflect  .     (no gloves)
MR     .....     Harm     .     (no boots)
Stlth  ++........               (no amulet)
                                (no ring)
                                d - +3 ring of protection

@: no status effects
A: no striking features
a: no special abilities


You were on level 3 of the Dungeon.
You were not hungry.

You visited 1 branch of the dungeon, and saw 4 of its levels.

You collected 108 gold pieces.

Inventory:

Hand Weapons
 n - a +2 short sword of venom (weapon)
 p - a cursed -3 short sword
 q - a +2 vampiric halberd
Armour
 a - a +0 robe (worn)
 j - a +0 helmet
Jewellery
 d - a +3 ring of protection (left hand)
 o - a +4 ring of intelligence {unknown}
Wands
 s - a wand of flame (30/48)
Scrolls
 f - a scroll of recharging {unknown}
 g - 5 scrolls of identify {unknown}
 k - 3 scrolls of teleportation {unknown}
 r - a scroll of remove curse {unknown}
Potions
 e - a potion of flight {unknown}
 h - 3 potions of heal wounds {unknown}
 i - 2 potions of cancellation {unknown}
 l - 2 potions of curing {unknown}
Books
 b - a book of Conjurations

   Spells                             Type                      Level
   a - Magic Dart                     Conjuration                  1
   b - Searing Ray                    Conjuration                  2
   c - Dazzling Spray                 Conjuration/Hexes            3
   d - Fulminant Prism                Conjuration/Hexes            4
   e - Iskenderun's Mystic Blast      Conjuration                  4
   f - Iskenderun's Battlesphere      Conjuration/Charms           5
Comestibles
 c - 5 bread rations
 m - a chunk of flesh


   Skills:
 - Level 2.4 Dodging
 - Level 2.4 Stealth
 + Level 6.8 Spellcasting
 * Level 4.7 Conjurations


You had 16 spell levels left.
You knew the following spells:

 Your Spells              Type           Power        Failure   Level  Hunger
a - Magic Dart            Conj           ####         1%          1    None


Dungeon Overview and Level Annotations

Branches:
Dungeon (4/15)
 Temple: D:4-7

Altars:

Annotations:
D:3 rgaf's ghost, amateur HaAs
D:4 tb0li's ghost, amateur DECj


Message History

The magic dart hits tb0li's ghost.
Tb0li's ghost is almost destroyed.
Casting: Magic Dart
Confirm with . or Enter, or press ? or * to list all spells.
Aiming: Magic Dart
Press: ? - help, Shift-Dir - straight line, f/p - tb0li's ghost
Aim: tb0li's ghost, wielding a weapon of venom (almost destroyed)
The magic dart hits tb0li's ghost.
Tb0li's ghost is almost destroyed.
Tb0li's ghost closely misses you.
Tb0li's ghost screams, "You must not fail where I succeeded!"
Tb0li's ghost closely misses you. The ogre barely misses you.
You climb upwards.
The ghost fades into the shadows.
Tb0li's ghost disappears!
Level annotation: rgaf's ghost, amateur HaAs Rgaf's ghost completely misses you.
There is a stone staircase leading down here.
Rgaf's ghost hits you but does no damage.
You are electrocuted!
Ouch! That really hurt!
You die...

#.################## #.#
##### ###.###...##
#.....'....# #.#.###....#
#.#.######.########### ###
#...................
...#W.....#.###########
#.)+O@....+...........#
####.##......#.#####.###.#
.........#####.# #...#.#
###.#...# #.# ##..... #.
#.#..######## #..#.#
#.######........... #..#.#
#...........#.####. #..#.#
........#####.# #..#.#
####....'...# # #....#


You could see an ogre and rgaf's ghost.

Vanquished Creatures
  3 gnolls (D:2)
  4 adders
  An ooze (D:2)
  2 worms
  2 dart slugs
  4 leopard geckos
  An orc (D:3)
  A ball python (D:4)
  4 giant cockroaches
  3 goblins
  5 hobgoblins
  7 jackals (D:2)
  12 kobolds
  8 bats
  2 frilled lizards
  10 rats
69 creatures vanquished.

Notes
Turn   | Place    | Note
-------+----------+-------------------------------------------
     0 | D:1      | tb0li the Deep Elf Conjurer began the quest for the Orb.
     0 | D:1      | Reached XP level 1. HP: 10/10 MP: 6/6
    96 | D:1      | Reached XP level 2. HP: 5/15 MP: 1/8
    97 | D:1      | Reached skill level 4 in Spellcasting
   852 | D:2      | Reached XP level 3. HP: 19/19 MP: 9/11
   889 | D:2      | Reached skill level 5 in Spellcasting
  1225 | D:2      | Reached XP level 4. HP: 24/24 MP: 5/13
  1230 | D:2      | Reached skill level 6 in Spellcasting
  1276 | D:3      | Noticed rgaf's ghost (amateur HaAs)
  1925 | D:3      | Reached XP level 5. HP: 28/28 MP: 6/16
  2037 | D:4      | Noticed tb0li's ghost (amateur DECj)
  2043 | D:4      | Noticed an ogre
  2056 | D:3      | Mangled by rgaf's ghost

Vault maps used:
D:1:      eino_arrival_druids_welcome
D:2:      serial_glass, glass_columns_c, glass_columns_a, item_on_display_a,
          item_on_display_a
D:3:      minmay_door_path
D:4:      gammafunk_temple_overflow_elements, gup_sewer_entry_glass,
          first_bread, uniq_blork_the_orc

Skill      XL: |  1  2  3  4 |
---------------+-------------+-----
Spellcasting   | 4 5 6 |  6.8
Dodging        | |  2.4
Stealth        | |  2.4
Conjurations   | |  4.7

Action                   |  1- 3 |  4- 6 || total
-------------------------+-------+-------++-------
Melee: Unarmed           |     7 |       ||     7
       Short sword       |     9 |     5 ||    14
 Cast: Magic Dart        |    81 |    73 ||   154
  Eat: Chunk             |     1 |     2 ||     3
Armor: Robe              |     7 |     5 ||    12
Dodge: Dodged            |    20 |    22 ||    42
